Map: Tourmaline LE

Players

ShoWTimE - Winner!

  • Race: Protoss Protoss
  • League: Master
  • Spawn Location: 1:00

HeroMarine

  • Race: Terran Terran
  • Spawn Location: 7:00

VOD

Have the link to the VOD?

Description

Time

  • Played on: Feb. 1, 2026, 2:47 p.m.
  • Length: 13:06
Show
View Real Time Build Order
Export as new Build Order

ShoWTimE Protoss - Winner!

Build Orders: 1 Gate Expand, Blink Stalkers 

Get SALT Encoding   

  12  0:00  Probe  
  13  0:12  Probe  
  14  0:16  Pylon  
  14  0:24  Probe  
  15  0:32  Probe  
  15  0:34  Gateway  
  15  0:40  Probe  
  16  0:46  Assimilator  
  17  0:50  Probe  
  18  1:03  Probe  
  19  1:15  Probe  
  20  1:22  Cybernetics Core  
  20  1:29  Nexus  
  20  1:32  Probe  
  21  1:38  Pylon  
  21  1:44  Probe  
  21  1:46  Assimilator  
  22  1:48  Adept  
  22  1:56  Probe  
  22  1:59  Warp Gate  
  25  2:08  Probe  
  26  2:09  Adept  
  26  2:15  Twilight Council  
  26  2:21  Probe  
  29  2:28  Blink  
  29  2:33  Probe  
  30  2:38  Stalker  
  30  2:42  Probe  
  33  2:45  Probe  
  33  2:48  Gateway  
  34  2:54  Probe  
  35  3:00  Probe  
  35  3:05  Shield Battery  
  35  3:14  Probe  
  36  3:21  Probe, Robotics Facility  
  36  3:26  Probe  
  38  3:30  Gateway  
  38  3:33  Probe  
  39  3:38  Probe  
  40  3:45  Probe  
  40  3:46  Pylon  
  41  3:49  Stalker  
  41  3:51  Probe  
  44  3:57  Probe  
  44  4:00  Warp Prism  
  45  4:03  Probe  
  45  4:05  Stalker  
  45  4:06  Pylon  
  48  4:13  Probe  
  48  4:17  Stalker  
  53  4:19  Probe  
  53  4:21  Assimilator  
  54  4:25  Stalker  
  54  4:29  Probe  
  57  4:37  Probe  
  58  4:39  Stalker  
  58  4:43  Probe  
  58  4:48  Observer  
  58  4:49  Probe  
  60  4:57  Probe  
  60  4:58  Pylon  
  61  5:04  Nexus  
  61  5:05  Pylon  
  61  5:08  Probe  
  62  5:19  Stalker x3  
  65  5:27  Probe, Dark Shrine  
  66  5:30  Charge  
  66  5:37  Probe  
  66  5:41  Probe  
  64  5:47  Stalker x2  
  64  5:49  Probe  
  69  5:53  Probe, Stalker  
  72  6:00  Probe  
  72  6:03  Probe  
  73  6:09  Probe, Pylon  
  73  6:11  Probe  
  74  6:17  Probe x2  
  77  6:19  Probe  
  78  6:27  Gateway  
  78  6:28  Probe  
  78  6:29  Probe, Gateway  
  78  6:31  Probe  
  81  6:33  Gateway  
  81  6:36  Gateway  
  81  6:40  Probe  
  81  6:41  Probe, Dark Templar x2  
  81  6:43  Dark Templar, Probe  
  81  6:44  Pylon  
  90  6:50  Gateway  
  90  6:58  Nexus  
  90  7:02  Forge  
  90  7:06  Probe x2  
  90  7:07  Probe  
  93  7:10  Pylon  
  93  7:18  Probe x2  
  93  7:19  Zealot x3  
  101  7:25  Pylon  
  101  7:26  Zealot x2  
  105  7:30  Stalker x2  
  109  7:37  Pylon  
  109  7:40  Probe  
  109  7:41  Probe  
  111  7:46  Probe  
  111  7:47  Zealot x6  
  124  7:52  Probe  
  124  7:55  Probe  
  126  8:01  Stalker x2  
  126  8:03  Probe  
  128  8:10  Stalker x4  
  133  8:15  Protoss Ground Weapons Level 1  
  133  8:16  Warp Prism  
  129  8:21  Nexus  
  123  8:27  Zealot x4  
  125  8:38  Forge, Probe  
  125  8:39  Probe  
  125  8:40  Probe  
  128  8:42  Robotics Bay  
  128  8:46  Forge  
  126  8:50  Gateway x2  
  126  8:51  Probe x2  
  126  8:52  Probe, Warp Prism  
  126  8:54  Assimilator  
  131  8:57  Sentry  
  131  8:59  Assimilator  
  131  9:01  Protoss Ground Armor Level 1  
  129  9:03  Probe x2  
  129  9:04  Probe  
  129  9:09  Zealot x5  
  132  9:15  Probe  
  133  9:19  Pylon  
  133  9:21  Pylon  
  133  9:32  Probe  
  133  9:33  Zealot x5  
  133  9:34  Zealot  
  133  9:35  Colossus  
  133  9:36  Pylon  
  133  9:37  Pylon  
  132  9:48  Extended Thermal Lance  
  136  9:54  Sentry x2, Zealot x3  
  144  10:02  Protoss Ground Weapons Level 2  
  144  10:08  Zealot x4  
  144  10:12  Colossus  
  152  10:15  Pylon  
  152  10:17  Shield Battery, Nexus  
  152  10:23  Zealot x2  
  152  10:28  Protoss Ground Armor Level 2  
  156  10:30  Pylon  
  156  10:32  Pylon  
  160  10:45  Photon Cannon  
  160  10:47  Probe  
  160  10:48  Shield Battery  
  160  10:49  Robotics Facility  
  161  10:51  Probe x2  
  161  10:54  Colossus  
  161  10:56  Zealot x4  
  171  10:58  Sentry, Zealot x5  
  183  11:11  Gateway  
  189  11:12  Probe  
  189  11:13  Probe, Gateway  
  189  11:14  Probe x2  
  193  11:19  Zealot x3  
  193  11:23  Gravitic Drive  
  199  11:30  Zealot x4  
  187  11:44  Zealot x6, Colossus  
  193  11:50  Observer  
  196  11:57  Zealot x4  
  196  11:58  Colossus  
  184  12:05  Zealot x6  
  192  12:17  Probe  
  192  12:18  Probe, Zealot x3, Gateway  
  192  12:21  Gateway  
  200  12:26  Zealot x6  
  200  12:30  Zealot  
  180  12:37  Zealot x2  
  180  12:42  Zealot x3  
  172  12:49  Zealot x6  
Show
View Real Time Build Order
Export as new Build Order

HeroMarine Terran 

Build Orders:  

Get SALT Encoding   

  12  0:00  SCV  
  13  0:12  SCV  
  14  0:16  Supply Depot  
  14  0:24  SCV  
  15  0:38  SCV  
  15  0:39  Barracks  
  16  0:42  Refinery  
  16  0:50  SCV  
  16  0:53  Refinery  
  17  1:02  SCV  
  18  1:14  SCV  
  19  1:26  Reaper, Orbital Command  
  20  1:41  Factory  
  20  1:46  Supply Depot  
  20  1:52  SCV  
  21  1:58  Reaper  
  22  2:04  SCV  
  23  2:14  Command Center  
  23  2:16  SCV  
  24  2:25  Hellion  
  24  2:28  SCV  
  27  2:31  Reaper  
  28  2:37  Supply Depot  
  28  2:40  SCV  
  29  2:47  Hellion  
  29  2:50  Starport  
  31  2:59  SCV  
  32  3:11  SCV  
  33  3:16  Barracks Reactor  
  33  3:17  Widow Mine  
  35  3:23  SCV  
  36  3:29  Medivac  
  36  3:30  Orbital Command  
  38  3:35  SCV  
  38  3:37  Barracks  
  38  3:38  Widow Mine  
  41  3:47  SCV  
  42  3:54  Marine x2  
  44  3:55  Bunker  
  44  3:56  SCV  
  44  3:59  SCV  
  44  4:00  Starport Tech Lab, Factory Tech Lab  
  46  4:08  SCV  
  47  4:10  Supply Depot  
  47  4:12  SCV, Marine x2  
  50  4:19  Siege Tank  
  50  4:21  SCV  
  54  4:28  Barracks  
  54  4:31  SCV, Raven  
  54  4:33  SCV  
  54  4:36  Marine  
  54  4:37  Marine  
  59  4:40  Marine  
  59  4:43  SCV  
  59  4:45  SCV  
  61  4:49  Supply Depot  
  59  4:55  Siege Tank, SCV  
  59  4:56  Marine  
  62  5:01  Marine  
  62  5:03  SCV  
  62  5:04  Marine  
  63  5:07  Viking  
  63  5:08  SCV  
  63  5:14  Marine  
  66  5:15  SCV  
  66  5:19  Marine  
  66  5:20  SCV, Marine  
  68  5:22  Marine  
  68  5:24  Refinery  
  68  5:27  Siege Tank, SCV  
  71  5:31  Marine  
  71  5:32  SCV  
  70  5:37  Marine  
  70  5:39  SCV  
  70  5:40  Marine  
  70  5:44  SCV  
  70  5:48  Marine  
  70  5:49  Engineering Bay, Marine  
  73  5:50  Stimpack  
  73  5:54  Marine  
  73  5:56  Supply Depot  
  74  5:58  Marine  
  74  6:01  SCV x2  
  74  6:02  Command Center  
  77  6:10  Marine  
  78  6:12  Starport Reactor  
  78  6:17  SCV x2  
  78  6:18  Marauder  
  82  6:20  Factory Reactor, Marauder  
  82  6:25  Combat Shield  
  84  6:26  Terran Infantry Weapons Level 1  
  84  6:28  Refinery  
  84  6:29  SCV x2  
  84  6:32  Barracks  
  86  6:37  Missile Turret, Barracks  
  86  6:48  Marine, Marauder x2  
  86  6:50  Supply Depot  
  86  6:51  Supply Depot  
  91  6:55  Missile Turret  
  91  6:56  Medivac  
  93  7:03  Supply Depot  
  93  7:05  SCV  
  94  7:11  Medivac, SCV  
  94  7:12  Marauder x2  
  94  7:13  Widow Mine x2  
  94  7:14  Marine x2  
  106  7:17  SCV  
  107  7:23  Barracks Reactor, SCV  
  108  7:32  Marine x2, SCV  
  108  7:33  Marauder x2  
  108  7:35  SCV  
  116  7:38  Medivac  
  116  7:39  Marine  
  116  7:41  Medivac  
  121  7:47  SCV  
  121  7:49  Marine  
  121  7:50  Marine, SCV  
  124  7:54  Missile Turret, Marauder  
  124  7:58  Missile Turret  
  121  7:59  SCV  
  121  8:02  Marine x2, SCV  
  121  8:03  Marine  
  121  8:11  SCV  
  122  8:14  SCV  
  122  8:18  Marauder  
  113  8:23  SCV  
  101  8:29  Orbital Command  
  93  8:38  Barracks Tech Lab  
  93  8:39  Medivac  
  93  8:40  Medivac, Widow Mine x2  
  91  8:41  Marauder  
  91  8:43  Marauder  
  91  8:47  Marine x2  
  95  8:49  Marine  
  96  8:57  Marauder, Marine  
  99  9:02  Marauder  
  99  9:04  Marauder  
  99  9:05  Marine  
  99  9:09  Widow Mine  
  99  9:10  Widow Mine  
  99  9:11  Orbital Command  
  99  9:12  SCV x2  
  99  9:16  Medivac  
  79  9:17  Medivac  
  103  9:18  Marauder  
  103  9:24  Marauder, SCV x2  
  109  9:27  Marauder  
  109  9:28  Marine x2  
  109  9:29  Missile Turret  
  115  9:34  Missile Turret  
  115  9:36  Widow Mine x2  
  118  9:39  Supply Depot  
  113  9:46  Marauder  
  113  9:48  Marauder  
  113  9:49  Marine  
  116  9:54  Concussive Shells  
  116  9:55  Marauder  
  116  9:56  Marine x3  
  116  9:59  Widow Mine x2  
  122  10:06  Ghost Academy, Marine  
  122  10:07  Medivac x2  
  125  10:09  Marine  
  125  10:10  Marauder  
  125  10:12  SCV x2  
  125  10:13  Marine  
  133  10:14  SCV  
  133  10:18  Marauder  
  136  10:21  Marine x2  
  136  10:25  Marauder  
  136  10:26  Widow Mine  
  136  10:27  Marine  
  141  10:32  Supply Depot  
  141  10:33  Marine, Supply Depot  
  144  10:37  SCV  
  144  10:40  Marauder  
  144  10:41  Armory  
  148  10:48  Viking  
  149  10:52  Viking  
  149  10:54  Supply Depot x2, Starport  
  149  10:55  Bunker  
  149  10:59  Supply Depot  
  149  11:07  Command Center  
  149  11:12  Missile Turret  
  149  11:15  Missile Turret  
  149  11:18  Viking  
  151  11:19  Engineering Bay  
  151  11:22  Viking  
  153  11:27  Marauder x3  
  153  11:40  Viking x2  
  155  11:48  Marauder x3  
  161  11:55  Marine x2  
  161  12:00  Marine x2  
  152  12:06  Viking x2  
  151  12:09  Marauder  
  151  12:10  Marauder x2  
  151  12:12  Marine  
  151  12:15  Viking x2  
  159  12:18  Marine  
  159  12:21  SCV  
  159  12:22  Refinery  
  159  12:26  Marine x2  
  159  12:28  SCV  
  159  12:29  SCV  
  152  12:31  Marauder x3  
  152  12:35  Marine  
  152  12:36  Marine  
  121  12:44  Marine x2  
  121  12:49  SCV  
Tags
 
Add a new tag
Caveats
  • Supply blocks, unpowered buildings, or Contaminate may cause inaccurate times.
  • Supply counts are checked every 10 seconds.